 Dungeon Crawl Stone Soup version 0.17-a0-1946-gfb768fe (webtiles) character file.

158 hansproleman the Cudgeler (level 5, -1/79 HPs)
             Began as a Troll Berserker on Sept 24, 2015.
             Was a Believer of Trog.
             Slain by Duvessa
             ... wielding a +0 rapier
              (8 damage)
             ... on level 6 of the Dungeon on Oct 1, 2015.
             The game lasted 00:18:56 (1501 turns).

hansproleman the Cudgeler (Troll Berserker)         Turns: 1501, Time: 00:18:57

Health: -1/79      AC:  5    Str: 31    XL:     5   Next: 16%
Magic:  4/4        EV: 10    Int:  3    God:    Trog [**....]
Gold:   147        SH:  0    Dex:  9    Spells: 0 memorised, 4 levels left

rFire  + . .     SeeInvis .     a - +0 mace
rCold  . . .     Clarity  .     b - +0 animal skin
rNeg   . . .     SustAt   .     (no shield)
rPois  .         Gourm    +     (helmet restricted)
rElec  .         Spirit   .     (no cloak)
rCorr  .         Warding  .     (gloves unavailable)
rMut   .         Stasis   .     (boots unavailable)
MR     .....                    (no amulet)
Stlth  ..........               (no ring)
                                e - ring of protection from fire {suck my ballz}

@: berserking, very quick, not resistant to hostile enchantments, extremely
unstealthy
A: unfitting armour, claws 3, fast metabolism 3, gourmand, regeneration 2,
shaggy fur 1, tough skin 2
a: Burn Spellbooks, Berserk, Trog's Hand, Renounce Religion


You were on level 6 of the Dungeon.
You worshipped Trog.
Trog was pleased with you.
You were not hungry.

You visited 1 branch of the dungeon, and saw 6 of its levels.

You collected 147 gold pieces.

Inventory:

Hand weapons
 a - a +0 mace (weapon)
Armour
 b - a +0 animal skin (worn)
 d - a cursed +0 robe
 o - a +0 scale mail
Jewellery
 e - a ring of protection from fire (left claw) {suck my ballz}
 n - an uncursed amulet of resist corrosion {unknown}
Magical devices
 i - a wand of enslavement (0)
Scrolls
 f - 3 scrolls of identify {unknown}
 g - 2 scrolls of remove curse {unknown}
 j - a scroll of magic mapping {unknown}
 k - 3 scrolls of enchant weapon {unknown}
 l - 2 scrolls of noise {unknown}
Potions
 h - 2 potions of curing {unknown}
 p - a potion of degeneration {unknown}
 q - a potion of ambrosia {unknown}
 r - a potion of poison {unknown}
Comestibles
 c - a bread ration
 m - a slice of pizza


   Skills:
 + Level 3.2 Fighting
 + Level 3.6 Maces & Flails
 + Level 3.6 Dodging
 + Level 0.1 Evocations


You had 4 spell levels left.
You didn't know any spells.

Dungeon Overview and Level Annotations

Branches:
Dungeon (6/15)             Temple (0/1) D:4

Altars:
Fedhas
Qazlal

Annotations:
D:6 Dowan, Duvessa


Innate Abilities, Weirdness & Mutations

You are too large for most types of armour.
You have claws for hands.
Your metabolism is lightning-fast.
You like to eat raw meat.
You heal very quickly.
You are covered in fur (AC +1).
You have very tough skin (AC +2).


Message History

Put on which piece of jewellery? (? for menu, Esc to quit)
Okay, then.
Use which ability?
A red film seems to cover your vision as you go berserk!
You feel yourself moving faster!
You feel mighty!
You feel somewhat more hungry. Dowan hits you with a dagger.
* * * LOW HITPOINT WARNING * * *
Duvessa hits you but does no damage. Dowan hits you but does no damage.
You sock Dowan!
Dowan is severely wounded.
Dowan is no longer moving quickly.
Dowan barely misses you. Duvessa closely misses you.
You hit Dowan.
Dowan is almost dead.
Dowan gestures at you while chanting. The puff of flame misses you.
The puff of flame hits Duvessa.
You closely miss Dowan.
Dowan is almost dead.
Duvessa hits you with a rapier!
You die...

#######.#
#.......#
#e#######
#@#
..####e##
.........#
.#.#####.#
#.# #.#
#.# #.#
#.#


You could see Duvessa and Dowan.

Vanquished Creatures
  A scorpion (D:5)
  3 gnolls (D:5)
  2 adders (D:5)
  2 worms
  An orc (D:3)
  3 goblins
  5 hobgoblins
  6 jackals
  2 bats
  2 giant geckos
  A rat (D:2)
28 creatures vanquished.

Vanquished Creatures (collateral kills)
  A crimson imp (D:5)
1 creature vanquished.

Grand Total: 29 creatures vanquished

Notes
Turn   | Place    | Note
--------------------------------------------------------------
     0 | D:1      | hansproleman the Troll Berserker began the quest for the Orb.
     0 | D:1      | Reached XP level 1. HP: 22/22 MP: 0/0
   175 | D:1      | Reached XP level 2. HP: 18/29 MP: 1/1
   257 | D:2      | Found a faded altar to an unknown god.
   347 | D:2      | Reached skill level 3 in Maces & Flails
   413 | D:3      | Found a stormy altar of Qazlal.
   690 | D:4      | Found a staircase to the Ecumenical Temple.
   695 | D:4      | Noticed an ogre
   802 | D:5      | Entered Level 5 of the Dungeon
   819 | D:5      | Found a blossoming altar of Fedhas.
   867 | D:5      | Reached XP level 3. HP: 36/36 MP: 2/2
  1124 | D:5      | Acquired Trog's second power
  1124 | D:5      | Reached XP level 4. HP: 20/45 MP: 3/3
  1333 | D:5      | Reached XP level 5. HP: 21/53 MP: 4/4
  1463 | D:6      | Upgraded the game from 0.17-a0-1900-g45e8110 to 0.17-a0-1946-gfb768fe
  1483 | D:6      | Noticed Duvessa
  1483 | D:6      | Noticed Dowan
  1501 | D:6      | Slain by Duvessa

Vault maps used:
D:1:      sevenhm_arrival_forest_fort_small_1
D:2:      ecumenical_altar_2, st_stairs_14
D:3:      grunt_qazlal_clouds, grunt_ministairs_10
D:4:      kennysheep_mini_moat, minmay_temple_entry_large_hall,
          lemuel_blue_sif_altar
D:5:      tgw_xom, first_bread, fedhas_altar_3
D:6:      serial_shops, shop, uniq_duvessa

Action                   |  1- 3 |  4- 6 || total
-------------------------+-------+-------++-------
Melee: Mace              |   100 |    41 ||   141
Invok: Berserk           |       |     1 ||     1
Evoke: Wand              |     4 |       ||     4
  Eat: Bread ration      |     1 |     1 ||     2
       Meat ration       |     1 |       ||     1
